Map: Disco Bloodbath LE

Players

Lambo - Winner!

  • Race: Zerg Zerg
  • Spawn Location: 9:00

tso

  • Race: Zerg Zerg
  • Spawn Location: 3:00

VOD

Have the link to the VOD?

Description

Time

  • Played on: Sept. 6, 2019, 12:25 p.m.
  • Length: 5:40
Show
View Real Time Build Order
Export as new Build Order

Lambo Zerg - Winner!

Build Orders: Hatch First 

Get SALT Encoding   

  12  0:00  Drone  
  13  0:12  Overlord  
  13  0:19  Drone  
  14  0:30  Drone x2  
  16  0:47  Hatchery  
  15  0:51  Drone  
  15  0:54  Drone  
  15  0:57  Drone  
  18  1:08  Extractor  
  17  1:12  Spawning Pool  
  17  1:14  Drone  
  17  1:17  Drone  
  18  1:27  Drone  
  19  1:38  Drone  
  20  1:50  Drone  
  21  1:59  Queen x2  
  21  2:00  Zergling x4  
  27  2:04  Spine Crawler  
  26  2:09  Metabolic Boost  
  26  2:10  Zergling x2  
  26  2:12  Zergling x2  
  28  2:22  Overlord  
  29  2:36  Baneling Nest  
  28  2:41  Drone x3  
  28  2:42  Drone  
  32  2:44  Drone  
  33  2:52  Drone  
  33  2:55  Overlord  
  34  3:03  Drone  
  34  3:05  Drone  
  36  3:11  Evolution Chamber  
  35  3:13  Overlord  
  35  3:14  Drone  
  35  3:15  Drone x3  
  39  3:21  Drone x3, Roach Warren  
  41  3:32  Lair  
  41  3:33  Drone x2  
  43  3:39  Zerg Missile Weapons Level 1  
  43  3:41  Zergling x4, Extractor  
  44  3:42  Extractor  
  44  3:45  Drone  
  44  3:47  Drone x2  
  46  3:49  Drone  
  46  3:54  Zergling x4  
  49  3:56  Overlord  
  49  4:06  Roach  
  51  4:10  Overlord  
  51  4:13  Overlord  
  51  4:15  Overlord  
  51  4:16  Overlord  
  51  4:19  Roach x2  
  51  4:20  Roach  
  51  4:23  Roach  
  59  4:28  Zergling x4  
  61  4:34  Roach x2  
  65  4:49  Roach x2  
  69  4:55  Roach  
  69  4:56  Roach  
  69  4:58  Drone x2  
  74  5:05  Roach x2  
  76  5:09  Roach  
  76  5:13  Roach x2  
  82  5:17  Zergling x2, Roach  
Show
View Real Time Build Order
Export as new Build Order

tso Zerg 

Build Orders: Pool First, Roach Nydus 

Get SALT Encoding   

  12  0:00  Drone  
  13  0:13  Overlord  
  13  0:17  Drone  
  14  0:33  Drone x2  
  16  0:38  Drone  
  17  0:44  Spawning Pool  
  17  0:47  Drone  
  17  1:08  Hatchery  
  16  1:13  Extractor  
  16  1:14  Drone  
  16  1:31  Zergling x6  
  19  1:40  Queen  
  19  1:46  Drone  
  22  1:53  Overlord  
  22  2:19  Drone x2  
  22  2:22  Lair, Queen  
  26  2:24  Drone  
  26  2:25  Drone  
  28  2:34  Extractor  
  27  2:38  Drone x2  
  29  2:50  Roach Warren  
  28  2:52  Drone x3  
  28  2:54  Drone  
  32  3:05  Overlord  
  32  3:08  Drone x3  
  35  3:22  Overlord  
  35  3:28  Nydus Network  
  35  3:32  Roach x2  
  35  3:33  Overlord  
  40  3:41  Roach x2  
  40  3:45  Roach  
  44  3:49  Roach  
  44  3:52  Roach  
  48  3:56  Roach  
  50  4:05  Roach x2  
  54  4:10  Nydus Canal  
  54  4:16  Roach  
  55  4:22  Overlord, Zergling x6  
  58  4:24  Nydus Canal  
  57  4:37  Overlord x2, Nydus Canal  
  56  4:41  Roach  
  58  4:48  Nydus Canal  
  58  4:49  Zergling x4  
  59  4:55  Queen  
  60  5:09  Roach x3  
Tags
 
Add a new tag
Caveats
  • Supply blocks, unpowered buildings, or Contaminate may cause inaccurate times.
  • Supply counts are checked every 10 seconds.